 Dungeon Crawl Stone Soup version 0.26-a0-694-g74916bafe0 (webtiles) character file.

Game seed: 7068541813127382223

35176 Kinoniko the Fencer (level 13, -3/178 HPs)
             Began as a Pale Draconian Berserker on Oct 24, 2020.
             Was the Champion of Trog.
             Slain by a cane toad (15 damage)
             ... on level 3 of the Lair of Beasts on Oct 25, 2020.
             The game lasted 00:25:23 (15841 turns).

Kinoniko the Fencer (Pale Draconian Berserker)     Turns: 15841, Time: 00:25:24

Health: -3/178     AC: 14    Str: 23    XL:     13   Next: 46%
Magic:  13/13      EV: 20    Int:  8    God:    Trog [******]
Gold:   897        SH:  0    Dex: 16    Spells: 12/12 levels left

rFire    + + .     SeeInvis +   E - +0 falchion "Eclos" {flame, rElec rF++}
rCold    + + +     Faith    .   (no shield)
rNeg     + . .     Spirit   .   (armour unavailable)
rPois    .         Reflect  .   (helmet restricted)
rElec    +         Harm     .   v - +2 cloak
rCorr    .         Rampage  .   P - +0 pair of gloves of Vyafaes {MR+ Str+4}
MR       +....                  p - +1 pair of boots
Stlth    ..........             F - amulet "Plog" {rC++ Regen+}
HPRegen  0.79/turn              H - ring "Suufam" {rC+ rN+}
MPRegen  0.13/turn              x - ring of see invisible

@: berserking, lethally poisoned (-3 -> -4), very quick
A: breathe steam, unfitting armour, cold-blooded, AC +8
a: Breathe Steam, Berserk, Trog's Hand, Brothers in Arms, Renounce Religion


You were on level 3 of the Lair of Beasts.
You worshipped Trog.
Trog was exalted by your worship.
You visited 2 branches of the dungeon, and saw 14 of its levels.
You also visited: Ice Cave.

You collected 897 gold pieces.

Inventory:

Hand Weapons
 a - a +1 falchion
 g - a +0 scimitar
 m - a +6 great sword of freezing
 C - a +2 antimagic scimitar
 E - the +0 falchion "Eclos" (weapon) {flame, rElec rF++}
   (You found it on level 9 of the Dungeon)

   It has been specially enchanted to burn those struck by it, causing extra
   injury to most foes and up to half again as much damage against particularly
   susceptible opponents.
   Big, fiery blades are also staple armaments of hydra-hunters.
   It greatly protects you from fire.
   It insulates you from electricity.
 K - a +3 vorpal great mace
 Q - a +2 great mace of protection
Armour
 b - a +2 pair of gloves
 p - a +1 pair of boots (worn)
 v - a +2 cloak (worn)
 P - the +0 pair of gloves of Vyafaes (worn) {MR+ Str+4}
   (You found it in an ice cave)

   It affects your strength (+4).
   It affects your resistance to hostile enchantments.
Jewellery
 k - an uncursed ring of protection from fire
 n - an uncursed ring of wizardry
 o - an uncursed amulet of reflection
 x - a ring of see invisible (right hand)
 y - an uncursed amulet of magic regeneration
 F - the amulet "Plog" (around neck) {rC++ Regen+}
   (You found it on level 10 of the Dungeon)

   [amulet of regeneration]

   It greatly protects you from cold.
   It increases your rate of regeneration.
 H - the ring "Suufam" (left hand) {rC+ rN+}
   (You found it on level 11 of the Dungeon)

   [ring of positive energy]

   It protects you from cold.
   It protects you from negative energy.
Wands
 q - a wand of flame (47)
 s - a wand of disintegration (16)
 A - a wand of digging (4)
 G - a wand of acid (7)
 I - a wand of iceblast (12)
 J - a wand of polymorph (5)
Scrolls
 c - 10 scrolls of remove curse
 d - 4 scrolls of blinking
 e - a scroll of identify
 i - 4 scrolls of fear
 w - 3 scrolls of fog
 D - 5 scrolls of teleportation
 L - 4 scrolls of summoning
Potions
 f - a potion of might
 h - 2 potions of ambrosia
 j - 7 potions of curing
 l - a potion of cancellation
 r - 3 potions of brilliance
 t - 2 potions of invisibility
 u - 5 potions of flight
 B - 2 potions of stabbing
 N - a potion of magic


   Skills:
 + Level 12.9 Fighting
 * Level 15.9 Long Blades
 + Level 11.1 Dodging
 - Level 0.3 Stealth


You had 12 spell levels left.
You didn't know any spells.
Your spell library contained the following spells:

 Spells                   Type           Power        Failure   Level
 Animate Skeleton         Necr           #.....       41%         1
 Corona                   Hex            #......      41%         1
 Freeze                   Ice            #...         41%         1
 Pain                     Necr           #...         41%         1
 Summon Small Mammal      Summ           #...         41%         1
 Call Imp                 Summ           #.......     54%         2
 Ensorcelled Hibernation  Hex/Ice        #.....       54%         2
 Call Canine Familiar     Summ           #.......     78%         3
 Confusing Touch          Hex            #.......     78%         3
 Dazzling Flash           Conj/Hex       #.....       78%         3
 Frozen Ramparts          Ice            #.....       78%         3
 Ozocubu's Armour         Ice            #.......     78%         3
 Summon Guardian Golem    Hex/Summ       #.......     78%         3
 Tukima's Dance           Hex            #.......     78%         3
 Vampiric Draining        Necr           #.........   78%         3
 Animate Dead             Necr           #.........   99%         4
 Hailstorm                Conj/Ice       #.......     99%         4
 Summon Ice Beast         Ice/Summ       #.......     99%         4
 Summon Lightning Spire   Summ/Air       #.......     99%         4
 Agony                    Necr           #.......     100%        5


Dungeon Overview and Level Annotations

Branches:
Dungeon (11/15)            Temple (0/1) D:7            Lair (3/6) D:8
  Snake (0/4) Lair:2          Orc (0/2) D:9           IceCv (visited)
  Swamp: Lair:2-4    Shoals: Lair:2-4

Altars:
Cheibriados
Elyvilon
Hepliaklqana
Makhleb
Nemelex Xobeh
Okawaru
Qazlal
Sif Muna
Trog
Uskayaw
Vehumet
Yredelemnul
Zin

Annotations:
D:8 2 transporters, rtg's ghost, novice TrFi


Innate Abilities, Weirdness & Mutations

You can breathe blasts of scalding, opaque steam.
Your pale cyan-grey scales are hard. (AC +8)
You cannot fit into any form of body armour.
You are cold-blooded and may be slowed by cold attacks.


Message History

The cane toad barely misses you.
You hit the swamp worm. You burn the swamp worm.
The swamp worm is heavily wounded.
The swamp worm bites you.
* * * LOW HITPOINT WARNING * * *
The cane toad stings you!
* * * LOW HITPOINT WARNING * * *
You are poisoned.
The cane toad poisons you!
A red film seems to cover your vision as you go berserk!
You feel yourself moving faster!
You feel mighty!
You feel sick.
The swamp worm bites you but does no damage.
The cane toad barely misses you.
You riposte.
You slash the cane toad! You burn the cane toad.
The cane toad is moderately wounded.
You slash the swamp worm! You burn the swamp worm!
You kill the swamp worm!
Trog accepts your kill.
You feel sick. The cane toad stings you!
You die...

# # ..###P.... +.##.
.........#...... P.....
..........##.... .#.[..
................ .♣ ♣♣.
##..........#..... ♣♣
♣♣♣........P........ ♣
♣♣.♣..##P..####.#..†. ♣
♣♣.♣≈...###...# ####†#.
♣..≈≈†F@.##.P# ##.#
♣§..≈≈≈♣#.#...#### ##.
♣§§§§≈≈ ##...##..# #..
♣ ♣§♣≈≈≈≈ ♣.......##
#.. ♣ §
♣§≈≈≈♣♣#..PP###### ##..
♣♣
♣≈≈≈≈♣P........#.###...
.♣♣♣
♣♣≈≈≈♣♣..#P...#.....+..
.+.♣ ♣♣♣♣
#.......+...###.. .#.#
♣♣♣ ##.#....#.#### #..


You could see a cane toad.

Vanquished Creatures
  Snorg (D:9)
  3 hydras
  Fannar (D:10)
  A queen ant (Lair:3)
  A two-headed ogre (D:8)
  3 skeletal warriors (D:9)
  2 unseen horrors
  A necromancer (IceCv)
  2 ugly things (D:11)
  A cyclops (D:11)
  A manticore (D:11)
  4 ice statues (IceCv)
  A gargoyle (D:11)
  10 cane toads
  A rime drake (Lair:1)
  11 ice devils
  4 komodo dragons
  2 trolls
  A hornet (D:11)
  5 blink frogs (Lair:2)
  A shadow (D:11)
  25 yaks
  A wyvern (D:11)
  A wraith (D:9)
  A basilisk (Lair:3)
  3 vampire mosquitoes
  3 wargs (D:9)
  3 nagas (Lair:2)
  21 soldier ants
  A swamp worm (Lair:3)
  7 water moccasins
  Duvessa (D:7)
  10 orc warriors
  6 ice beasts
  A sky beast (D:7)
  2 black bears
  4 phantoms
  6 centaurs
  5 ogres
  14 bullfrogs
  A wyvern skeleton (D:10)
  6 scorpions
  Dowan (D:7)
  8 wights
  7 killer bees
  An electric eel (Lair:2)
  3 howler monkeys (D:9)
  2 draconian simulacra (IceCv)
  A quasit (D:9)
  6 hounds
  2 jellies
  2 bullfrog skeletons
  7 orc priests
  9 orc wizards
  2 centaur skeletons
  6 iguanas
  A spriggan simulacrum (IceCv)
  5 hell rats (Lair:3)
  30 worker ants
  3 troll simulacra (IceCv)
  A hound zombie (D:6)
  2 hound skeletons
  A howler monkey zombie (D:9)
  Robin (D:2)
  A worker ant zombie (D:7)
  A howler monkey skeleton (D:5)
  4 ogre simulacra (IceCv)
  14 adders
  3 white imps
  5 ufetubi
  An adder zombie (D:5)
  8 worms
  2 dart slugs
  5 leopard geckos
  73 orcs
  A ball python (D:4)
  11 giant cockroaches
  15 goblins
  9 hobgoblins
  10 jackals
  7 quokkas
  9 bats
  5 frilled lizards
  6 kobolds
  A leopard gecko skeleton (D:7)
  A leopard gecko zombie (D:7)
  9 rats
481 creatures vanquished.

Vanquished Creatures (others)
  8 fungi
  8 plants
16 creatures vanquished.

Grand Total: 497 creatures vanquished

Notes
Turn   | Place    | Note
-------+----------+-------------------------------------------
     0 | D:1      | Kinoniko the Draconian Berserker began the quest for the
                  | Orb.
     0 | D:1      | Reached XP level 1. HP: 19/19 MP: 1/1
   180 | D:1      | Reached XP level 2. HP: 26/26 MP: 2/2
   503 | D:1      | Reached ** piety under Trog
   885 | D:2      | Noticed Robin
   888 | D:2      | Reached XP level 3. HP: 33/33 MP: 3/3
   899 | D:2      | Killed Robin
  1069 | D:2      | Found a shimmering blue altar of Sif Muna.
  1075 | D:2      | Found a snail-covered altar of Cheibriados.
  1078 | D:2      | Found a hide-covered altar of Uskayaw.
  1294 | D:2      | Reached XP level 4. HP: 39/40 MP: 4/4
  1314 | D:2      | Reached skill level 4 in Long Blades
  2040 | D:3      | Reached *** piety under Trog
  2040 | D:3      | Reached XP level 5. HP: 46/46 MP: 5/5
  2418 | D:3      | Found a sparkling altar of Nemelex Xobeh.
  2505 | D:3      | Found a radiant altar of Vehumet.
  2514 | D:3      | Reached skill level 5 in Long Blades
  2882 | D:3      | You fall into a shaft and drop 3 floors!
  2895 | D:5      | Entered Level 5 of the Dungeon
  2924 | D:5      | Reached XP level 6. HP: 48/53 MP: 6/6
  3059 | D:5      | Found a basalt altar of Yredelemnul.
  3299 | D:5      | Reached skill level 5 in Fighting
  3402 | D:5      | Your scales start taking on a pale cyan-grey colour.
  3402 | D:5      | Reached XP level 7. HP: 60/61 MP: 7/7
  3410 | D:5      | Reached skill level 6 in Long Blades
  3522 | D:5      | Found a white marble altar of Elyvilon.
  3722 | D:4      | Reached **** piety under Trog
  4264 | D:4      | Reached skill level 7 in Long Blades
  4325 | D:4      | Found a stormy altar of Qazlal.
  4431 | D:4      | Reached skill level 5 in Dodging
  4764 | D:5      | Reached XP level 8. HP: 70/70 MP: 8/8
  5007 | D:5      | Found an iron altar of Okawaru.
  5296 | D:6      | HP: 5/105 [wight/+0 scimitar (1)]
  5537 | D:6      | Reached skill level 8 in Long Blades
  5875 | D:6      | Found a glowing silver altar of Zin.
  6143 | D:6      | Found a bloodstained altar of Trog.
  6255 | D:7      | Noticed Duvessa
  6255 | D:7      | Noticed Dowan
  6256 | D:7      | Killed Dowan
  6256 | D:7      | Reached XP level 9. HP: 79/79 MP: 9/9
  6258 | D:7      | Killed Duvessa
  6258 | D:7      | Reached skill level 9 in Long Blades
  6401 | D:7      | Found a staircase to the Ecumenical Temple.
  6541 | D:7      | Reached ***** piety under Trog
  7097 | D:8      | Found a hazy altar of Hepliaklqana.
  7111 | D:8      | Reached skill level 10 in Long Blades
  7115 | D:8      | Received a gift from Trog
  7716 | D:8      | Reached XP level 10. HP: 90/90 MP: 10/10
  7740 | D:8      | Found an iron altar of Okawaru.
  7796 | D:8      | Noticed a two-headed ogre
  7807 | D:8      | Killed a two-headed ogre
  8032 | D:8      | Identified the +5 dagger "Wiocuomigh" {vamp, rElec rF+}
  8057 | D:8      | Found a staircase to the Lair.
  8074 | D:8      | Reached skill level 11 in Long Blades
  8231 | D:8      | Found a bloodstained altar of Trog.
  8233 | D:8      | Noticed rtg's ghost (novice TrFi)
  8238 | D:8      | Found a transporter.
  8241 | D:8      | Noticed a moth of wrath
  8252 | D:8      | Found a transporter.
  8552 | D:9      | Found a bloodstained altar of Trog.
  9155 | D:9      | Got an ichor-stained falchion
  9156 | D:9      | Identified the cursed +0 falchion "Eclos" {flame, rElec
                  | rF++} (You found it on level 9 of the Dungeon)
  9162 | D:9      | Found a burning altar of Makhleb.
  9202 | D:9      | Found a staircase to the Orcish Mines.
  9509 | D:9      | Reached skill level 12 in Long Blades
  9922 | D:10     | Entered Level 10 of the Dungeon
 10010 | D:10     | Noticed a skeletal warrior
 10023 | D:9      | Reached XP level 11. HP: 86/99 MP: 11/11
 10125 | D:9      | Killed a skeletal warrior
 10125 | D:9      | Reached skill level 10 in Fighting
 10239 | D:10     | Noticed Snorg
 10276 | D:9      | Killed Snorg
 10527 | D:10     | Noticed a skeletal warrior
 10535 | D:10     | Noticed a skeletal warrior
 10549 | D:9      | Killed a skeletal warrior
 10687 | D:9      | Killed a skeletal warrior
 10886 | D:10     | Reached skill level 13 in Long Blades
 10930 | D:10     | Noticed an unseen horror
 10933 | D:10     | Killed an unseen horror
 11073 | D:10     | Got an ancient pewter amulet
 11250 | D:11     | Noticed Fannar
 11268 | D:10     | Killed Fannar
 11269 | D:10     | Received a gift from Trog
 11892 | D:11     | Noticed an unseen horror
 11901 | D:11     | Killed an unseen horror
 11901 | D:11     | Reached XP level 12. HP: 110/110 MP: 12/12
 12543 | D:11     | Got a flickering amber ring
 12544 | D:11     | Identified the amulet "Plog" {rC++ Regen+} (You found it on
                  | level 10 of the Dungeon)
 12555 | D:11     | Identified the ring "Suufam" {rC+ rN+} (You found it on
                  | level 11 of the Dungeon)
 12723 | Lair:1   | Entered Level 1 of the Lair of Beasts
 12734 | Lair:1   | Reached skill level 14 in Long Blades
 12823 | Lair:1   | Noticed a four-headed hydra
 12831 | Lair:1   | Killed a one-headed hydra
 13180 | Lair:1   | Reached skill level 10 in Dodging
 13664 | Lair:2   | Found a staircase to the Snake Pit.
 13756 | Lair:2   | Received a gift from Trog
 13886 | Lair:2   | Found a frozen archway.
 13903 | IceCv    | Entered an ice cave
 14144 | IceCv    | Reached skill level 15 in Long Blades
 14635 | IceCv    | Got a pair of faintly glowing gloves
 14639 | IceCv    | Identified the +0 pair of gloves of Vyafaes {MR+ Str+4}
                  | (You found it in an ice cave)
 14742 | Lair:2   | Noticed a six-headed hydra
 14751 | Lair:2   | Killed a two-headed hydra
 14751 | Lair:2   | Reached XP level 13. HP: 106/119 MP: 13/13
 15651 | Lair:3   | Received a gift from Trog
 15681 | Lair:3   | Reached ****** piety under Trog
 15841 | Lair:3   | Slain by a cane toad

Illustrated notes

Levels and vault maps discovered:
D:1:      mrwooster_arrival_statue, layout_loops_corners, hex_medium
D:2:      layout_basic, minmay_overflow_temple_star_quad, st_stairs_4,
          minmay_vboxes, uniq_robin
D:3:      layout_loops_cross, marbit_many_paths, minmay_hedge_maze,
          nemelex_lonely_heart_becter
D:4:      layout_cave_pools, nicolae_qazlal_eye_of_the_storm,
          cheibrodos_sewer_entry_bend
D:5:      layout_basic, kennysheep_mini, overflow_temple_1_default,
          old_standard_altar, st_stairs_12, minmay_starry_boxes
D:6:      layout_basic, zin_treasury, palyth_stone_intersect,
          trog_three_pillars_becter
D:7:      layout_basic, minmay_temple_entry_wispy, minivault_1, minmay_bent,
          uniq_duvessa
D:8:      layout_basic, lemuel_round_altar, david_lair_shrubbed,
          gammafunk_ghost_wrathful_warriors, special_room [special_room_orc],
          kennysheep_okawaru_gauntlet
D:9:      layout_long_grid, bloody_trog, makhleb_heckhound_becter,
          david_orc_1_choice
D:10:     layout_rooms, uniq_snorg
D:11:     layout_rooms, uniq_fannar
Lair:1:   layout_roguey
Lair:2:   layout_misc_corridors, minmay_snake_entry_guardpost_small,
          portal_ice_cave_demonic_guard, serial_bayou_shore_b,
          grunt_megastairs_4, infiniplex_staircase_pool
Lair:3:   layout_roguey, palyth_hydra_swamp_entry, minivault_29

Skill      XL: |  1  2  3  4  5  6  7  8  9 10 11 12 13 |
---------------+----------------------------------------+-----
Dodging        | 3 4 5 6 7 8 9 10 11 | 11.1
Long Blades    | 4 5 7 8 10 12 13 15 | 15.9
Fighting       | 4 5 6 7 8 9 11 12 | 12.9
Stealth        | |  0.3

Action                   |  1- 3 |  4- 6 |  7- 9 | 10-12 | 13-15 || total
-------------------------+-------+-------+-------+-------+-------++-------
Melee: Falchion          |    82 |   151 |   204 |     9 |    10 ||   456
       Tailslap          |    12 |    25 |    66 |   100 |    38 ||   241
       Great sword       |       |       |   160 |   494 |   159 ||   813
Invok: Berserk           |     1 |     6 |    10 |    21 |     4 ||    42
       Trog's Hand       |       |       |     1 |       |       ||     1
Evoke: Wand              |       |       |       |     4 |       ||     4
  Use: Scroll            |       |     6 |    19 |    16 |       ||    41
       Potion            |       |       |     6 |       |     3 ||     9
 Stab: Sleeping          |     1 |       |     4 |     6 |     1 ||    12
       Distracted        |       |       |     1 |     1 |       ||     2
Armor: Skin              |    22 |    46 |   140 |   146 |    25 ||   379
Dodge: Dodged            |    70 |    99 |   322 |   434 |   108 ||  1033
       Rpst.: Falchion   |    30 |    25 |    52 |       |     3 ||   110
       Great sword       |       |       |    34 |   117 |    25 ||   176

Table legend: (Time is in decaauts)
 A = Elapsed time spent in this place.
 B = Non-inter-level travel time spent in this place.
 C = Inter-level travel time spent in this place.
 D = Time resting spent in this place.
 E = Time spent auto-exploring this place.
 F = Levels seen in this place.
 G = Mean time per level.
                   A        B        C        D        E       F      G
               +--------+--------+--------+--------+--------+-----+--------+
         Total |  16269 |  15681 |    588 |   5026 |   7320 |  15 | 1084.6 |
       Dungeon |  13122 |  12681 |    441 |   4044 |   6080 |  11 | 1192.9 |
          Lair |   2322 |   2175 |    147 |    572 |   1186 |   3 |  774.0 |
      Ice Cave |    825 |    825 |      0 |    409 |     53 |   1 |  825.0 |
               +--------+--------+--------+--------+--------+-----+--------+

Top non-repeatable levels by time:
     D:9: 2286 daAuts
     D:8: 1635 daAuts
     D:5: 1429 daAuts
    D:11: 1351 daAuts
     D:3: 1346 daAuts
     D:2: 1134 daAuts
     D:6: 919 daAuts
  Lair:1: 831 daAuts
   IceCv: 825 daAuts
     D:1: 797 daAuts
     D:7: 795 daAuts
  Lair:2: 749 daAuts
     D:4: 749 daAuts
  Lair:3: 740 daAuts
    D:10: 676 daAuts
